AoeStats
← Demonitox

MegaRandom

509168371Analyzed
4v4 RM · 8d ago on Sep 25, 2026· 56m 28s· 8 players
Game mode
Random Map
Map size
Large (8 player)
Population
200
Speed
Normal
Resources
Standard
Victory
Conquest
Starting age
Dark Age
Ending age
Imperial Age
RankedLock teamsTeams togetherTeam positionsShared explorationLock speedFull tech treeHidden civsTurbo modeCheats
Victory
Defeat
🇫🇷 Berbers · France
1654
+8
🇫🇷 Maya · France
1574
+11
🇫🇷 Portuguese · France
1517
+13
🇳🇱 Mapuche · Netherlands
1459
+16
🇸🇪 Saxons · Sweden
1522
-14
🇩🇪 Bengalis · Germany
1464
-12
🇧🇪 Burmese · Belgium
1439
-11
🇨🇦 Franks · Canada
1432
-11
[Odst] Sheppard
10:06 Loom
12:38 Feudal Age
17:33 Fletching
20:12 Castle Age
19:25 Padded Archer Armor
19:12 Horse Collar
19:20 Double-Bit Axe
23:56 Bodkin Arrow
25:40 Fishing Lines
28:32 Elite Skirmisher
30:12 Gillnets
31:33 Wheelbarrow
31:16 Leather Archer Armor
36:55 Ballistics
41:55 Imperial Age
43:23 Bracer
44:30 Chemistry
47:33 Ring Archer Armor
Gripen
6:01 Loom
14:08 Feudal Age
16:10 Fishing Lines
20:19 Castle Age
21:58 Double-Bit Axe
23:17 Fletching
25:33 Gillnets
29:11 Wheelbarrow
28:22 Town Watch
29:30 Scale Mail Armor
33:52 Hand Cart
39:44 Imperial Age
39:22 Squires
39:07 Arson
41:52 Chain Mail Armor
42:31 Conscription
42:31 Elite Hearth Troop
43:22 Town Patrol
43:54 Plate Mail Armor
44:26 Forging
46:28 Iron Casting
46:51 Bodkin Arrow
46:37 Shield Wall
49:09 Padded Archer Armor
49:27 Bracer
50:59 Elite Skirmisher
51:44 Thumb Ring
51:40 Pikeman
54:31 Leather Archer Armor
54:28 Capped Ram
56:11 Ring Archer Armor
56:03 Ballistics
[LegendB] deadboi
9:16 Loom
14:01 Feudal Age
18:21 Castle Age
23:15 Padded Archer Armor
45:24 Wheelbarrow
46:18 Husbandry
Mycorrhizal
4:17 Loom
13:55 Feudal Age
17:11 Man-at-Arms
21:45 Castle Age
22:39 Town Watch
25:44 Fletching
31:57 Double-Bit Axe
37:42 Bodkin Arrow
43:21 Bow Saw
47:32 Masonry
49:00 Wheelbarrow
48:57 Ballistics
Demonitox
5:26 Loom
14:21 Feudal Age
18:27 Castle Age
16:55 Double-Bit Axe
18:04 Gold Mining
30:43 Imperial Age
30:02 Fletching
32:58 Imperial Age
38:19 Horse Collar
46:50 Wheelbarrow
46:01 Town Watch
46:24 Crossbowman
47:25 Bodkin Arrow
48:03 Bracer
51:46 Chemistry
51:14 Ballistics
51:03 Padded Archer Armor
51:50 Thumb Ring
52:00 Arbalester
54:28 Bloodlines
54:18 Husbandry
53:38 Light Cavalry
55:33 Leather Archer Armor
56:16 Hand Cart
Roronoa Yolo
4:23 Loom
12:58 Feudal Age
19:11 Castle Age
20:00 Fletching
26:35 Wheelbarrow
25:59 Bodkin Arrow
35:24 Wheelbarrow
36:46 Double-Bit Axe
37:25 Horse Collar
38:05 Bow Saw
38:22 Hand Cart
41:51 Imperial Age
40:11 Heavy Plow
40:05 Gold Mining
42:05 Town Watch
43:39 Chemistry
42:58 Bracer
42:58 Padded Archer Armor
43:25 Ballistics
43:51 Bloodlines
43:41 Husbandry
44:38 Conscription
44:39 Kasbah
44:57 Town Patrol
45:55 Light Cavalry
46:41 Scale Barding Armor
46:47 Forging
47:38 Chain Barding Armor
47:34 Leather Archer Armor
47:02 Treadmill Crane
47:33 Masonry
46:51 Hussar
48:12 Gold Shaft Mining
47:31 Stone Mining
48:05 Maghrebi Camels
51:16 Plate Barding Armor
51:17 Iron Casting
51:12 Ring Archer Armor
51:47 Thumb Ring
53:32 Blast Furnace
53:37 Hoardings
53:04 Elite Camel Archer
guarnere44
4:37 Loom
14:13 Feudal Age
18:30 Castle Age
17:41 Fletching
21:11 Double-Bit Axe
21:59 Elite Skirmisher
30:09 Bow Saw
35:10 Horse Collar
37:04 Forging
40:23 Wheelbarrow
44:42 Imperial Age
43:14 Iron Casting
44:22 Hand Cart
43:55 Town Watch
44:28 Heavy Plow
44:22 Gold Mining
46:35 Elite Bolas Rider
47:30 Malon
48:03 Bodkin Arrow
49:47 Padded Archer Armor
52:18 Leather Archer Armor
Sac a dos
3:24 Loom
13:21 Feudal Age
18:02 Castle Age
17:53 Double-Bit Axe
21:40 Fletching
22:51 Gold Mining
23:49 Horse Collar
24:50 Bodkin Arrow
28:14 Wheelbarrow
31:17 Fishing Lines
35:58 Padded Archer Armor
38:31 Stone Mining
40:24 Hand Cart
40:53 Padded Archer Armor
43:45 Imperial Age
45:03 Imperial Age
43:40 Ballistics
45:50 Leather Archer Armor
46:10 Bracer
49:22 Chemistry
56:47 Conscription
Connection lost

Rejoining the realm…

Still unreachable

The connection could not be restored.

Session expired

The server has moved on; the page needs a fresh start.